 Dungeon Crawl Stone Soup version 0.27.1-34-g3ba077fa99 (webtiles) character file.

Game seed: 18285208107165952489

52 zeram the Sneak (level 3, -6/21 HPs)
             Began as an Octopode Enchanter on Jan 19, 2022.
             Mangled by a two-headed ogre (27 damage)
             ... on level 4 of the Dungeon.
             The game lasted 00:03:17 (3095 turns).

zeram the Sneak (Octopode Enchanter)                Turns: 3095, Time: 00:03:18

Health: -6/21      AC:  1    Str:  7    XL:     3   Next: 85%
Magic:  6/6        EV: 13    Int: 18    God:
Gold:   79         SH:  0    Dex: 12    Spells: 1/6 levels left

rFire    . . .     SeeInvis .   a - +1 dagger
rCold    . . .     Faith    .   (no shield)
rNeg     . . .     Spirit   .   (helmet restricted)
rPois    +         Reflect  .   (no amulet)
rElec    .         Harm     .   f - ring of flight
rCorr    .         Rampage  .   i - ring of poison resistance
Will     .....                  (no ring)
Stlth    ++++......             (no ring)
HPRegen  0.07/turn              (no ring)
MPRegen  0.10/turn              (no ring)
                                (no ring)
                                (no ring)

@: flying
A: almost no armour, amphibious, 8 rings, camouflage 1, gelatinous body 1,
(nimble swimmer 1), tentacles
a: no special abilities


You were on level 4 of the Dungeon.
You visited 1 branch of the dungeon, and saw 4 of its levels.

You collected 79 gold pieces.

Inventory:

Hand Weapons
 a - a +1 dagger (weapon)
Missiles
 d - 2 throwing nets
Jewellery
 f - a ring of flight (left tentacle)
 i - a ring of poison resistance (right tentacle)
Scrolls
 j - a scroll of noise {unknown}
Potions
 b - a potion of berserk rage {unknown}
 c - 2 potions of degeneration {unknown}
 e - a potion of curing {unknown}
 g - a potion of mutation {unknown}


   Skills:
 + Level 1.3 Short Blades
 + Level 2.4 Dodging
 + Level 5.2 Stealth
 + Level 2.2 Spellcasting
 + Level 3.4 Hexes


You had one spell level left.
You knew the following spells:

 Your Spells              Type           Power      Damage    Failure   Level
b - Ensorcelled Hibernat  Hex/Ice        16%        N/A       13%         2
c - Tukima's Dance        Hex            14%        N/A       13%         3

Your spell library contained the following spells:

 Spells                   Type           Power      Damage    Failure   Level
 Corona                   Hex            15%        N/A       4%          1
 Animate Skeleton         Necr           2%         N/A       19%         1
 Apportation              Tloc           2%         N/A       19%         1
 Summon Small Mammal      Summ           4%         N/A       19%         1
 Confusing Touch          Hex            14%        N/A       13%         3
 Dazzling Flash           Conj/Hex       16%        N/A       26%         3
 Summon Guardian Golem    Hex/Summ       8%         N/A       26%         3
 Call Canine Familiar     Summ           1%         N/A       47%         3


Dungeon Overview and Level Annotations

Branches:
Dungeon (4/15)
 Temple: D:4-7

Altars:

Shops:
D:2 *


Innate Abilities, Weirdness & Mutations

You cannot wear most types of armour.
You are amphibious.
You can wear up to eight rings at the same time.
Your skin changes colour to match your surroundings (Stealth+).
Your rubbery body absorbs attacks. (AC +1, EV +1)
((You are camouflaged near water. (Stealth+)))
You have tentacles for arms and can constrict up to eight enemies at once.


Message History

No target in view!
Done exploring.
Done exploring.
As you read the scroll labelled MIOLUO LAUFFEC, it crumbles to dust.
It is a scroll of amnesia.
Forget Corona, freeing 1 spell level for a total of 4?
Your memory of Corona unravels.
This spell is extremely dangerous to cast!
Memorise Tukima's Dance, consuming 3 spell levels and leaving 1?
You start memorising the spell.
You continue memorising. x3
You finish memorising.
Spell assigned to 'a'.
Adjust (i)tems, (s)pells, or (a)bilities?
Adjust which spell? a - Tukima's Dance Adjust to which letter? c - Tukima's Dance Done exploring.
Done exploring.
Done exploring.
Done exploring.
Done exploring.
You see here a book of Callings.
Done exploring.
Done exploring.
Done exploring.
(D) Dungeon
Where to? (Enter - D:3, ? - help)
There is a stone staircase leading down here.
You fly downwards.
There is a stone staircase leading up here.
A two-headed ogre is nearby!
A two-headed ogre is nearby!
A two-headed ogre is nearby!
A two-headed ogre is nearby!
The helpless two-headed ogre fails to defend itself.
You impale the two-headed ogre!!
The two-headed ogre is moderately wounded.
The two-headed ogre hits you with a +0 giant club!!
Ouch! That really hurt!
You die...

#.#
#.#
#.#
#.#
#.#
#.#
#O#
#@#
###


You could see a two-headed ogre.

Vanquished Creatures
  An adder (D:3)
  2 dart slugs
  An orc (D:3)
  7 bats
  3 giant cockroaches
  3 goblins (D:1)
  6 hobgoblins
  2 quokkas
  3 ball pythons
  3 frilled lizards
  5 kobolds
  3 rats
39 creatures vanquished.

Notes
Turn   | Place    | Note
-------+----------+-------------------------------------------
     0 | D:1      | zeram the Octopode Enchanter began the quest for the Orb.
     0 | D:1      | Reached XP level 1. HP: 11/11 MP: 3/3
   229 | D:1      | Reached XP level 2. HP: 16/17 MP: 5/5
   270 | D:1      | Learned a level 2 spell: Ensorcelled Hibernation
  1413 | D:2      | Noticed a shining eye
  1419 | D:2      | Noticed a floating eye
  1421 | D:2      | Found a faded altar of an unknown god.
  1423 | D:2      | Noticed a floating eye
  1423 | D:2      | Noticed a floating eye
  1445 | D:2      | Reached XP level 3. HP: 10/21 MP: 6/6
  1709 | D:2      | Found Axusch's General Store.
  2481 | D:3      | Reached skill level 5 in Stealth
  3067 | D:3      | Learned a level 3 spell: Tukima's Dance
  3094 | D:4      | Noticed a two-headed ogre
  3095 | D:4      | Mangled by a two-headed ogre

Illustrated notes

Levels and vault maps discovered:
D:1:      ncdulo_watergridlock, layout_basic
D:2:      layout_basic, serial_shops, shop_fountains,
          hellmonk_ecumenical_altar_watching_god
D:3:      layout_loops_ring
D:4:      layout_basic, mainiacjoe_overflow_large_starburst, kennysheep_nub,
          minmay_starry_boxes

Skill      XL: |  1  2  3 |
---------------+----------+-----
Stealth        | 5 |  5.2
Short Blades   | |  1.3
Dodging        | |  2.4
Spellcasting   | |  2.2
Hexes          | |  3.4

Action                   || total
-------------------------++-------
Melee: Dagger            ||    85
       Constrict         ||    17
       Tentacles         ||    11
  Use: Scroll            ||     3
 Stab: Sleeping          ||    17
Armor: Skin              ||    12
Dodge: Dodged            ||    59
